AoeStats
← Oldspice

Arabia

506033603Analyzed
3v3 RM · 20d ago on Sep 12, 2026· 37m 46s· 6 players
Game mode
Random Map
Map size
Normal (6 player)
Population
200
Speed
Normal
Resources
Standard
Victory
Conquest
Starting age
Dark Age
Ending age
Imperial Age
RankedLock teamsTeams togetherTeam positionsShared explorationLock speedFull tech treeHidden civsTurbo modeCheats
Victory
Defeat
🇺🇾 Shu · Uruguay
1525
+16
🇦🇷 Britons · Argentina
1516
+16
🇦🇷 Magyars · Argentina
1457
+19
🇺🇸 Japanese · United States
1601
-21
🇺🇸 Persians · United States
1507
-16
🇺🇸 Ethiopians · United States
1449
-14
|MP| Luriel
6:26 Loom
9:19 Feudal Age
10:09 Double-Bit Axe
15:46 Fletching
16:36 Padded Archer Armor
25:06 Castle Age
24:59 Gold Mining
25:08 Crossbowman
26:01 Bow Saw
26:18 Bodkin Arrow
28:54 Town Watch
30:14 Ballistics
34:52 Leather Archer Armor
37:10 Horse Collar
|MP| Callejé de Boedo
6:10 Loom
9:16 Feudal Age
10:00 Double-Bit Axe
14:13 Town Watch
17:02 Scale Barding Armor
19:05 Bloodlines
24:17 Castle Age
23:10 Gold Mining
24:26 Wheelbarrow
25:25 Chain Barding Armor
25:16 Bow Saw
24:48 Horse Collar
26:27 Husbandry
28:28 Heavy Plow
37:28 Hand Cart
|MP| patrick
7:23 Loom
9:38 Feudal Age
11:24 Town Watch
11:38 Double-Bit Axe
13:03 Fletching
17:59 Padded Archer Armor
24:40 Castle Age
24:33 Gold Mining
25:31 Bow Saw
24:44 Crossbowman
25:24 Bodkin Arrow
26:27 Horse Collar
32:31 Ballistics
34:21 Wheelbarrow
BucketsTTP
7:40 Loom
9:50 Feudal Age
10:40 Double-Bit Axe
12:27 Fletching
14:59 Padded Archer Armor
21:48 Castle Age
20:23 Gold Mining
21:50 Crossbowman
22:25 Bodkin Arrow
23:32 Ballistics
25:10 Bow Saw
28:13 Thumb Ring
29:22 Leather Archer Armor
30:30 Horse Collar
34:27 Guard Tower
36:23 Wheelbarrow
2rich4u81
6:12 Loom
9:02 Feudal Age
10:07 Double-Bit Axe
15:58 Fletching
17:59 Padded Archer Armor
29:44 Castle Age
27:50 Horse Collar
28:14 Gold Mining
30:01 Wheelbarrow
29:48 Crossbowman
30:26 Bodkin Arrow
31:04 Bow Saw
31:22 Leather Archer Armor
32:34 Ballistics
33:31 Heavy Plow
Oldspice
9:28 Feudal Age
8:16 Loom
10:28 Double-Bit Axe
10:26 Horse Collar
14:58 Scale Barding Armor
15:51 Forging
21:27 Bloodlines
29:38 Castle Age
28:17 Gold Mining
30:44 Chain Barding Armor
35:48 Fletching
Connection lost

Rejoining the realm…

Still unreachable

The connection could not be restored.

Session expired

The server has moved on; the page needs a fresh start.